 Dungeon Crawl Stone Soup version 0.30-a0-1160-g6e42c06551 (webtiles) character file.

Game seed: 12124415580915055556

8 smokingjp the Charlatan (level 2, 0/16 HPs)
             Began as a Tengu Artificer on Apr 26, 2023.
             Slain by a quokka (2 damage)
             ... on level 1 of the Dungeon.
             The game lasted 00:02:03 (154 turns).

smokingjp the Charlatan (Tengu Artificer)            Turns: 154, Time: 00:02:04

Health: 0/16       AC:  3    Str: 12    XL:     2   Next: 8%
Magic:  3/3        EV: 11    Int: 11    God:
Gold:   53         SH:  0    Dex: 14    Spells: 1/1 levels left

rFire   . . .        f - +0 dagger
rCold   . . .        (no shield)
rNeg    . . .        b - +0 leather armour
rPois   .            (helmet restricted)
rElec   .            (no cloak)
rCorr   .            (no gloves)
SInv    .            (boots unavailable)
Will    .....        (no amulet)
Stlth   +            (no ring)
HPRegen 0.22/turn    (no ring)
MPRegen 0.08/turn

%: no passive effects
@: no status effects
A: beak, talons 3
a: no special abilities


You were on level 1 of the Dungeon.
You visited 1 branch of the dungeon, and saw 1 of its levels.

You collected 53 gold pieces.

Inventory:

Hand Weapons
 a - a +0 club
 f - a +0 dagger (weapon)
Armour
 b - a +0 leather armour (worn)
Wands
 c - a wand of flame (15) (quivered)
 d - a wand of charming (15)
 e - a wand of iceblast (5)
Potions
 g - a potion of lignification {unknown}


   Skills:
 * Level 1.1 Fighting
 * Level 0.3 Maces & Flails
 * Level 2.4 Armour
 * Level 1.2 Dodging
 * Level 1.1 Stealth
 * Level 0.4 Unarmed Combat
 * Level 0.2 Spellcasting
 - Level 3.0 Evocations


You had one spell level left.
You didn't know any spells.
Your spell library was empty.

Dungeon Overview and Level Annotations

Branches:
Dungeon (1/15)

Altars:


Innate Abilities, Weirdness & Mutations

You have a beak for a mouth.
You have claws for feet.


Message History

You closely miss the bat. Your kick misses the bat.
The bat closely misses you. x2
You hit the bat but do no damage. You claw the bat.
You kill the bat!
You have reached level 2!
You hit the hobgoblin. Your peck misses the hobgoblin.
The hobgoblin is heavily wounded.
The hobgoblin hits you.
You hit the hobgoblin but do no damage. You claw the hobgoblin.
You kill the hobgoblin!
You hit the quokka but do no damage. Your peck misses the quokka.
The quokka bites you.
You hit the quokka. Your kick misses the quokka. You peck the quokka.
The quokka is heavily wounded.
The quokka bites you.
You closely miss the quokka. Your kick misses the quokka.
The quokka is heavily wounded.
The quokka bites you but does no damage.
You barely miss the quokka. You claw the quokka, but do no damage.
Your peck misses the quokka.
The quokka is heavily wounded.
The quokka closely misses you. The quokka bites you.
* * * LOW HITPOINT WARNING * * *
You barely miss the quokka.
The quokka is heavily wounded.
The quokka bites you.
* * * LOW HITPOINT WARNING * * *
You hit the quokka but do no damage. Your kick misses the quokka.
Your punch misses the quokka.
The quokka is heavily wounded.
The quokka barely misses you.
You barely miss the quokka. Your kick misses the quokka.
The quokka is heavily wounded.
The quokka bites you but does no damage.
You barely miss the quokka. Your kick misses the quokka.
The quokka is heavily wounded.
The quokka barely misses you.
You barely miss the quokka. Your kick misses the quokka.
The quokka is heavily wounded.
The quokka bites you.
You die...

#### #... ######
#... #....# #...
#....# ##... #....#
#.... #....#
###....####....####
........r@........#
###....####....##.#
..........>.....#.#
###....###.####.#.#
#.... #.#..#.#.#
#....###.#.. .#.#
#....#....#####.#
#....#..........#
#####....#######


You could see a quokka.

Vanquished Creatures
  A bat (D:1)
  A giant cockroach (D:1)
  2 goblins (D:1)
  A hobgoblin (D:1)
  A ball python (D:1)
  A frilled lizard (D:1)
  A rat (D:1)
8 creatures vanquished.

Notes
Turn   | Place    | Note
-------+----------+-------------------------------------------
     0 | D:1      | smokingjp the Tengu Artificer began the quest for the Orb.
     0 | D:1      | Reached XP level 1. HP: 12/12 MP: 2/2
   144 | D:1      | Reached XP level 2. HP: 12/16 MP: 3/3
   154 | D:1      | Slain by a quokka

Illustrated notes

Levels and vault maps discovered:
D:1:      lightli_arrival_windingriver, layout_basic,
          dreamdust_ecumenical_altar_statues

Action                     || total
---------------------------++-------
  Melee: Dagger            ||    22
         Club              ||     9
         Kick              ||     7
         Peck              ||     5
         Punch             ||     2
 Armour: Leather armour    ||     8
  Dodge: Dodged            ||    25

Table legend: (Time is in decaauts)
 A = Elapsed time spent in this place.
 B = Non-inter-level travel time spent in this place.
 C = Inter-level travel time spent in this place.
 D = Time resting spent in this place.
 E = Time spent auto-exploring this place.
 F = Levels seen in this place.
 G = Mean time per level.
                   A        B        C        D        E       F      G
               +--------+--------+--------+--------+--------+-----+--------+
         Total |    156 |    156 |      0 |      0 |     30 |   1 |  156.0 |
       Dungeon |    156 |    156 |      0 |      0 |     30 |   1 |  156.0 |
               +--------+--------+--------+--------+--------+-----+--------+

Top non-repeatable levels by time:
     D:1: 156 daAuts
